 Dungeon Crawl Stone Soup version bcrawl-1.37.2 (webtiles) character file.

Game seed: 12893186270726840293

425199 Coyote68 the Martial Artist (level 11, 0/88 HPs)
             Began as a Pale Draconian Martial Artist on Nov 23, 2022.
             Was the Champion of Wu Jian.
             Slain by a death yak (14 damage)
             ... on level 10 of the Dungeon on Nov 24, 2022.
             The game lasted 00:39:32 (9024 turns).

Coyote68 the Martial Artist (DrMA)                  Turns: 9024, Time: 00:39:32

Health: 0/88       AC: 10    Str: 15    XL:     11   Next: 47%
Magic:  12/12      EV: 21    Int: 10    God:    Wu Jian [******]
Gold:   256        SH:  0    Dex: 19    Spells: 9/13 levels left

rFire    . . .     GDR:     30%   - Fists (21.6)
rCold    . . .     SeeInvis .   (no shield)
rNeg     . . .     Gourm    .   (armour unavailable)
rPois    .         Faith    .   (helmet restricted)
rElec    .         Spirit   .   (no cloak)
rCorr    .         Reflect  .   m - +0 pair of gloves
MR       .....                  s - +1 pair of boots
Stlth    ++++......             p - amulet of the acrobat
HPRegen  0.24/turn              n - +3 ring of evasion
MPRegen  0.13/turn              o - +3 ring of dexterity

@: no status effects
A: breathe steam, unfitting armour, claws 1, low mp 1, cold-blooded, AC +7
a: Breathe Steam, Wall Jump, Serpent's Lash, Heavenly Storm, Renounce Religion


You were on level 10 of the Dungeon.
You worshipped Wu Jian.
Wu Jian was exalted by your worship.
You were not hungry.

You visited 1 branch of the dungeon, and saw 11 of its levels.

You collected 576 gold pieces.
You spent 320 gold pieces at shops.

Inventory:

Hand Weapons
 i - the +5 spear of Meohipo {vamp, rPois rF++ rC+ MP+9, unknown}
   (You found it on level 9 of the Dungeon)

   It inflicts no extra harm, but heals its wielder when it wounds a living foe.
   It greatly protects you from fire.
   It protects you from cold.
   It protects you from poison.
   It affects your magic capacity (+9).
   Wu Jian disapproves of the use of such an item.
 w - the +1 flail of Entrepreneurial Spirit {crush, rC++, unknown}
   (You found it on level 5 of the Dungeon)

   It will always inflict at least some extra damage.
   This minimum extra damage increases with your current reserve of magical
   power.
   It greatly protects you from cold.
Armour
 m - a +0 pair of gloves (worn)
 s - a +1 pair of boots (worn)
Jewellery
 n - a +3 ring of evasion (left hand)
 o - a +3 ring of dexterity (right hand)
 p - an amulet of the acrobat (around neck)
 r - an uncursed ring of protection from magic
Wands
 k - a wand of random effects (8)
Scrolls
 b - 6 scrolls of remove curse
 f - 2 scrolls of teleportation
 h - a scroll of enchant weapon
 j - 2 scrolls of enchant armour
 y - 2 scrolls of magic mapping
 C - 3 scrolls of amnesia
Potions
 a - 4 potions of agility
 c - 2 potions of invisibility
 d - a potion of brilliance
 q - 3 potions of curing
 t - a potion of flight
 u - a potion of haste
 v - 2 potions of heal wounds
 x - 3 potions of lignification
 z - a potion of magic {unknown}
Comestibles
 e - 9 rations {!d}


   Skills:
 + Level 5.3 Fighting
 + Level 7.2 Dodging
 + Level 6.6 Stealth
 + Level 14.5 Unarmed Combat
 + Level 1.9 Spellcasting
 + Level 1.7 Hexes


You had 9 spell levels left.
You knew the following spells:

 Your Spells              Type           Power        Failure   Level  Hunger
a - Confusing Touch       Hex            #.......     16%         1    None
b - Tukima's Dance        Hex            #.......     41%         3    ####...

Your spell library contained the following spells:

 Spells                   Type           Power        Failure   Level  Hunger
 Slow                     Hex            #.......     16%         1    None
 Infusion                 Chrm           #.......     32%         1    None
 Ensorcelled Hibernation  Hex/Ice        #.....       32%         2    ##.....
 Confuse                  Hex            #.......     41%         3    ####...
 Song of Slaying          Chrm           #.......     43%         2    ##.....
 Swiftness                Chrm/Air       #.......     43%         2    ##.....
 Dazzling Orbs            Conj/Hex       #......      54%         3    ####...
 Spectral Weapon          Hex/Chrm       #.......     54%         3    ####...
 Ozocubu's Armour         Chrm/Ice       #.......     67%         3    ####...
 Regeneration             Chrm/Necr      #.........   67%         3    ####...
 Cause Fear               Hex            #.........   83%         4    ######.


Dungeon Overview and Level Annotations

Branches:
Dungeon (11/12)            Temple (0/1) D:6            Lair (0/6) D:9
    Orc (0/1) D:8
 Vaults: D:11-12

Altars:
Cheibriados
Okawaru
The Shining One

Shops:
D:4 }*=   D:5 !=%   D:7 %   D:8 }   D:9 [


Innate Abilities, Weirdness & Mutations

You can breathe blasts of scalding, opaque steam.
Your pale cyan-grey scales are hard. (AC +7)
You cannot fit into any form of body armour.
You are cold-blooded and may be slowed by cold attacks.
You have sharp fingernails.
Your magical capacity is low. (-10% MP)


Message History

You spin and attack the death yak.
You hit the death yak.
You tail-slap the death yak, but do no damage.
The death yak is lightly wounded.
You spin and attack the death yak repeatedly.
You punch the death yak!
The death yak is almost dead.
You punch the death yak!
You kill the death yak!
The Council accepts your kill. The death yak misses you.
You hit the death yak.
The death yak is lightly wounded.
The death yak misses you.
You spin and attack the death yak repeatedly.
You punch the death yak!
The death yak is moderately wounded.
You hit the death yak.
The death yak is moderately wounded.
The death yak gores you!
You die...

..#
########.#####
###............#
...............#
#............#
#............#
#............#
#...†Y<...[..#
#...@........#
##############


You could see a death yak.

Vanquished Creatures
  An ogre mage (D:8)
  4 death yaks
  Pikel (D:6)
  A cyclops (D:8)
  An ugly thing (D:7)
  A tengu conjurer (D:11)
  A harpy zombie (D:9)
  A troll (D:7)
  Grinder (D:3)
  Prince Ribbit (D:5)
  2 hippogriffs
  Sigmund (D:3)
  A wraith (D:8)
  A wyvern (D:9)
  A steam dragon (D:7)
  2 hungry ghosts
  5 orc warriors
  3 phantoms
  A sky beast (D:4)
  A slave (D:6)
  3 ice beasts
  5 ogres
  2 bullfrogs
  Blork the orc (D:4)
  9 centaurs
  6 scorpions
  4 killer bees (D:10)
  7 wights (D:9)
  8 orc priests
  9 crimson imps
  A bullfrog zombie (D:8)
  4 hounds
  A bullfrog skeleton (D:7)
  A gnoll shaman (D:4)
  3 jellies
  An iguana (D:8)
  9 orc wizards
  5 worker ants
  A hound zombie (D:8)
  9 gnolls
  9 adders
  3 worms
  A dart slug (D:2)
  4 leopard geckos
  57 orcs
  3 bats
  2 giant cockroaches
  12 goblins
  8 hobgoblins
  12 jackals
  9 kobolds
  2 quokkas
  A ball python (D:4)
  2 frilled lizards
  2 jackal skeletons (D:5)
  A quokka skeleton (D:4)
  6 rats
254 creatures vanquished.

Vanquished Creatures (others)
  A slave (D:6)
  A sky beast (D:11)
2 creatures vanquished.

Grand Total: 256 creatures vanquished

Notes
Turn   | Place    | Note
-------+----------+-------------------------------------------
     0 | D:1      | Coyote68 the Draconian Martial Artist began the quest for
                  | the Orb.
     0 | D:1      | Reached XP level 1. HP: 19/19 MP: 2/2
    98 | D:1      | Reached XP level 2. HP: 26/26 MP: 3/3
   665 | D:1      | Reached XP level 3. HP: 31/31 MP: 4/4
   721 | D:1      | Reached ** piety under Wu Jian
  1112 | D:2      | Reached skill level 5 in Unarmed Combat
  1112 | D:2      | Reached XP level 4. HP: 25/38 MP: 5/5
  1961 | D:3      | Noticed a bullfrog
  1971 | D:3      | Killed a bullfrog
  1972 | D:3      | Reached XP level 5. HP: 22/45 MP: 6/6
  2162 | D:3      | Noticed Sigmund
  2186 | D:3      | Killed Sigmund
  2187 | D:3      | Reached skill level 6 in Unarmed Combat
  2187 | D:3      | Reached XP level 6. HP: 20/52 MP: 7/7
  2445 | D:3      | Noticed Grinder
  2451 | D:3      | Paralysed by Grinder for 3 turns
  2469 | D:3      | Killed Grinder
  2470 | D:3      | Reached skill level 7 in Unarmed Combat
  2470 | D:3      | Your scales start taking on a pale cyan-grey colour.
  2470 | D:3      | Reached XP level 7. HP: 44/58 MP: 8/8
  2801 | D:4      | Found Banynaa's Jewellery Shoppe.
  2806 | D:4      | Noticed Blork the orc
  2810 | D:4      | Killed Blork the orc
  2943 | D:4      | Reached *** piety under Wu Jian
  3016 | D:4      | Reached skill level 8 in Unarmed Combat
  3284 | D:4      | Found Juawkyos's Gadget Shop.
  3299 | D:4      | Found Gobemis's Assorted Antiques.
  3306 | D:4      | Reached XP level 8. HP: 59/66 MP: 9/9
  3358 | D:4      | Bought a pair of boots for 99 gold pieces
  3841 | D:5      | Entered Level 5 of the Dungeon
  3843 | D:5      | Found Eggoz's Distillery.
  3880 | D:5      | Bought a potion of heal wounds for 70 gold pieces
  3880 | D:5      | Bought a potion of curing for 35 gold pieces
  3911 | D:5      | Got a crystal flail
  3956 | D:5      | Noticed Prince Ribbit
  3976 | D:5      | Killed Prince Ribbit
  3977 | D:5      | Reached skill level 9 in Unarmed Combat
  4097 | D:5      | Learned a level 3 spell: Tukima's Dance
  4114 | D:5      | Reached skill level 5 in Dodging
  4154 | D:5      | Found a glowing golden altar of the Shining One.
  4234 | D:5      | Reached **** piety under Wu Jian
  4250 | D:5      | Reached skill level 1 in Hexes
  4262 | D:5      | Noticed a hippogriff
  4274 | D:5      | Killed a hippogriff
  4275 | D:5      | Reached skill level 10 in Unarmed Combat
  4275 | D:5      | Reached XP level 9. HP: 50/72 MP: 2/10
  4567 | D:5      | Found Koixahe's Food Boutique.
  4712 | D:5      | Found Ythielyn's Jewellery Boutique.
  4715 | D:5      | Bought a +3 ring of dexterity for 116 gold pieces
  4901 | D:6      | Found a staircase to the Ecumenical Temple.
  5018 | D:6      | Reached skill level 5 in Stealth
  5056 | D:6      | Noticed Pikel
  5073 | D:6      | Killed Pikel
  5569 | D:6      | Reached skill level 11 in Unarmed Combat
  6018 | D:7      | Noticed a troll
  6031 | D:7      | Killed a troll
  6230 | D:7      | Reached XP level 10. HP: 72/80 MP: 12/12
  6290 | D:7      | Found Ybucw's Food Shoppe.
  6808 | D:7      | Reached ***** piety under Wu Jian
  6870 | D:7      | Noticed a red ugly thing
  6883 | D:7      | Killed a red ugly thing
  6884 | D:7      | Reached skill level 12 in Unarmed Combat
  7382 | D:8      | Noticed a cyclops
  7419 | D:8      | Killed a cyclops
  7421 | D:8      | Noticed an ogre mage
  7445 | D:8      | Killed an ogre mage
  7446 | D:8      | Reached skill level 13 in Unarmed Combat
  7469 | D:8      | Found a staircase to the Orcish Mines.
  7711 | D:8      | Found Webuzoics's Gadget Shop.
  7735 | D:8      | Gained mutation: Your magical capacity is low. (-10% MP)
                  | [potion of mutation]
  7735 | D:8      | Gained mutation: You have sharp fingernails. [potion of
                  | mutation]
  8115 | D:9      | Noticed a death yak
  8200 | D:9      | Found Vushyikk's Armour Shoppe.
  8213 | D:9      | Noticed a death yak
  8225 | D:9      | Reached XP level 11. HP: 56/85 MP: 12/12
  8231 | D:9      | Found an iron altar of Okawaru.
  8243 | D:10     | Entered Level 10 of the Dungeon
  8519 | D:9      | Reached ****** piety under Wu Jian
  8528 | D:9      | Got a shimmering spear
  8539 | D:9      | Killed a death yak
  8540 | D:9      | Reached skill level 5 in Fighting
  8586 | D:9      | Found a staircase to the Lair.
  8590 | D:9      | Noticed a death yak
  8590 | D:9      | Noticed a death yak
  8590 | D:9      | Noticed a death yak
  8599 | D:9      | Noticed a death yak
  8600 | D:9      | Reached skill level 14 in Unarmed Combat
  8614 | D:9      | Noticed a death yak
  8622 | D:9      | Found a snail-covered altar of Cheibriados.
  8644 | D:10     | Killed a death yak
  8828 | D:11     | Killed a death yak
  9021 | D:10     | Killed a death yak
  9024 | D:10     | Slain by a death yak

Skill      XL: |  1  2  3  4  5  6  7  8  9 10 11 |
---------------+----------------------------------+-----
Dodging        | 3 4 5 6 7 |  7.2
Unarmed Combat | 5 6 7 8 10 11 13 14 | 14.5
Stealth        | 2 3 4 6 |  6.6
Fighting       | 4 5 |  5.3
Hexes          | 1 |  1.7
Spellcasting   | |  1.9

Action                   |  1- 3 |  4- 6 |  7- 9 | 10-12 || total
-------------------------+-------+-------+-------+-------++-------
Melee: Unarmed           |    83 |   113 |   346 |   373 ||   915
       Tailslap          |    12 |    15 |    53 |    59 ||   139
       Punch             |       |     4 |    14 |    26 ||    44
 Cast: Confusing Touch   |       |       |     3 |       ||     3
       Tukima's Dance    |       |       |     2 |       ||     2
Invok: Lunge             |     8 |    15 |    31 |    17 ||    71
       Whirlwind         |     7 |    16 |    67 |   132 ||   222
 Abil: Breathe Steam     |       |       |     5 |     5 ||    10
       Wall Jump         |       |       |     4 |     6 ||    10
       Serpent's Lash    |       |       |       |     1 ||     1
  Use: Scroll            |     1 |       |    10 |     7 ||    18
       Potion            |       |     1 |     1 |     2 ||     4
 Stab: Sleeping          |     4 |     2 |     9 |     4 ||    19
       Distracted        |       |       |     2 |       ||     2
  Eat: Chunk             |     2 |     3 |    17 |    11 ||    33
       Ration            |       |     1 |     1 |     3 ||     5
Armor: Skin              |    13 |    15 |    60 |    59 ||   147
Dodge: Dodged            |    31 |    44 |   190 |   249 ||   514
